 Dungeon Crawl Stone Soup version 0.29-a0-648-g6b26cc9f40 (webtiles) character file.

Game seed: 15573037239208528626

1570 dolemite99 the Basher (level 8, -4/46 HPs)
             Began as a Gargoyle Fighter on June 20, 2022.
             Was a Believer of Okawaru.
             Slain by Pikel
             ... wielding a +2 whip of freezing
              (11 damage)
             ... on level 7 of the Dungeon.
             The game lasted 00:08:25 (7208 turns).

dolemite99 the Basher (Gargoyle Fighter)            Turns: 7208, Time: 00:08:26

Health: -4/46      AC: 21    Str: 29    XL:     8   Next: 90%
Magic:  8/8        EV:  7    Int:  8    God:    Okawaru [**....]
Gold:   214        SH:  4    Dex:  9    Spells: 7/7 levels left

rFire   . . .      SeeInvis .   a - +2 flail (chaos)
rCold   . . .      Faith    .   c - +0 buckler
rNeg    + . .      Spirit   .   d - +0 plate armour
rPois   ∞          Reflect  .   k - +2 helmet
rElec   +          Harm     .   m - +0 cloak
rCorr   .          Rampage  .   (no gloves)
Will    .....                   (no boots)
Stlth   ..........              (no amulet)
HPRegen 0.15/turn               r - +6 ring of strength
MPRegen 0.11/turn               (no ring)

@: no status effects
A: sickness immunity, AC +5, negative energy resistance 1, electricity
resistance, torment resistance 1, petrification resistance
a: Renounce Religion, Heroism


You were on level 7 of the Dungeon.
You worshipped Okawaru.
Okawaru was pleased with you.
You visited 1 branch of the dungeon, and saw 7 of its levels.

You collected 356 gold pieces.
You spent 142 gold pieces at shops.

Inventory:

Hand Weapons
 a - a +2 flail of chaos (weapon)
Missiles
 g - a throwing net
 o - 6 boomerangs (quivered)
 t - 4 poisoned darts
Armour
 b - a +0 scale mail
 c - a +0 buckler (worn)
 d - a +0 plate armour (worn)
 k - a +2 helmet (worn)
 m - a +0 cloak (worn)
 y - an orb of energy
Jewellery
 r - a +6 ring of strength (left hand)
 s - an amulet of magic regeneration
Wands
 h - a wand of flame (17)
Scrolls
 f - a scroll of vulnerability
 j - a scroll of blinking
 w - 2 scrolls of magic mapping
 x - a scroll of silence
 B - a scroll of identify {@r1}
Potions
 e - 2 potions of resistance
 i - a potion of magic
 l - 2 potions of ambrosia
 n - 2 potions of attraction
 p - 2 potions of flight {unknown}
 q - 2 potions of lignification {unknown}
 u - a potion of cancellation {unknown}
 v - a potion of heal wounds {unknown}
 z - a potion of mutation {unknown}
 A - a potion of might


   Skills:
 - Level 3.2 Fighting
 + Level 11.0 Maces & Flails
 - Level 3.2 Armour
 - Level 3.2 Shields


You had 7 spell levels left.
You didn't know any spells.
Your spell library was empty.

Dungeon Overview and Level Annotations

Branches:
Dungeon (7/15)             Temple (0/1) D:5

Altars:
Dithmenos
Elyvilon
Fedhas
Kikubaaqudgha
Makhleb
Nemelex Xobeh
Okawaru
Qazlal
Trog
Uskayaw
Vehumet
The Shining One

Shops:
D:5 *

Annotations:
D:7 Pikel


Innate Abilities, Weirdness & Mutations

You are immune to sickness and miasma.
Your stone body is resilient. (AC +5)
You are immune to poison.
You resist negative energy. (rN+)
You are resistant to electric shocks. (rElec)
You are resistant to unholy torment.
You are immune to petrification.


Message History

Pikel hits you but does no damage.
You barely miss Pikel.
Pikel is moderately wounded.
Pikel hits you with a +2 whip of freezing.
Pikel freezes you. Pikel hits you but does no damage.
You closely miss Pikel.
Pikel is moderately wounded.
Pikel hits you but does no damage.
You completely miss Pikel.
Pikel is moderately wounded.
Pikel hits you with a +2 whip of freezing!
Pikel freezes you.
You closely miss Pikel.
Pikel is moderately wounded.
Pikel hits you with a +2 whip of freezing.
Pikel freezes you. You block Pikel's attack.
You sock Pikel!
Pikel is moderately wounded.
Pikel hits you with a +2 whip of freezing.
Pikel freezes you.
You barely miss Pikel.
Pikel is moderately wounded.
Pikel hits you with a +2 whip of freezing.
Pikel freezes you.
You closely miss Pikel.
Pikel is moderately wounded.
Pikel barely misses you.
You closely miss Pikel.
Pikel is moderately wounded.
You block Pikel's attack. Pikel hits you but does no damage.
You hit Pikel but do no damage.
Pikel flickers and vanishes!
Deactivating autopickup; reactivate with Ctrl-A.
You block something's attack.
You hit something but do no damage. Something hits you but does no damage.
You barely miss something. Something hits you.
* * * LOW HITPOINT WARNING * * *
Something freezes you.
* * * LOW HITPOINT WARNING * * *
You miss something. Something hits you!
You die...

# ######....
##.@{555#
####..######
#....## .
##..#########..
#..............
#..............
#.[....<.......
#.........##...
#.........#


You could see 3 lemures.

Vanquished Creatures
  Grinder (D:6)
  A steam dragon (D:6)
  Eustachio (D:6)
  A water moccasin (D:5)
  An orc warrior (D:4)
  An ice beast (D:6)
  An ogre (D:6)
  A lemure (D:7)
  A kobold brigand (D:6)
  A necrophage (D:6)
  2 scorpions
  2 hounds
  A jelly (D:4)
  3 orc priests
  4 iguanas
  2 orc wizards
  A gnoll (D:1)
  3 adders
  A shadow imp (D:6)
  2 white imps
  A worm (D:2)
  A dart slug (D:5)
  13 orcs
  7 ball pythons
  12 bats
  6 endoplasms
  7 giant cockroaches
  6 goblins
  14 hobgoblins
  2 jackals (D:2)
  6 quokkas
  4 frilled lizards
  9 kobolds
  6 rats
125 creatures vanquished.

Vanquished Creatures (others)
  A demonic plant (D:2)
  3 fungi (D:2)
  29 plants
  A withered plant (D:2)
34 creatures vanquished.

Grand Total: 159 creatures vanquished

Notes
Turn   | Place    | Note
-------+----------+-------------------------------------------
     0 | D:1      | dolemite99 the Gargoyle Fighter began the quest for the
                  | Orb.
     0 | D:1      | Reached XP level 1. HP: 14/14 MP: 1/1
    66 | D:1      | Reached XP level 2. HP: 16/19 MP: 2/2
   341 | D:1      | Reached skill level 3 in Maces & Flails
   619 | D:1      | Reached XP level 3. HP: 23/23 MP: 3/3
  1753 | D:2      | You fall into a shaft and drop 2 floors!
  1853 | D:4      | Noticed a scorpion
  1915 | D:3      | Reached skill level 4 in Maces & Flails
  2019 | D:3      | Reached XP level 4. HP: 28/28 MP: 4/4
  2157 | D:2      | Found an iron altar of Okawaru.
  2189 | D:2      | Became a worshipper of Warmaster Okawaru
  2291 | D:2      | Found a faded altar of an unknown god.
  3537 | D:4      | Reached skill level 5 in Maces & Flails
  3537 | D:4      | Reached XP level 5. HP: 32/32 MP: 5/5
  3729 | D:4      | Noticed an orc warrior
  3745 | D:4      | Killed an orc warrior
  3746 | D:4      | Reached skill level 6 in Maces & Flails
  3746 | D:4      | Reached XP level 6. HP: 8/37 MP: 6/6
  3763 | D:4      | Reached * piety under Okawaru
  4305 | D:4      | Reached skill level 7 in Maces & Flails
  4379 | D:5      | Entered Level 5 of the Dungeon
  4425 | D:5      | Reached XP level 7. HP: 41/41 MP: 7/7
  4464 | D:5      | Found Vemoll's Assorted Antiques.
  4470 | D:5      | Bought a scroll labelled ADODO JYVEL for 29 gold pieces
  4473 | D:5      | Bought a smoky blue potion for 26 gold pieces
  4473 | D:5      | Bought a potion of curing for 87 gold pieces
  4550 | D:5      | Reached skill level 8 in Maces & Flails
  5349 | D:5      | Found a glowing golden altar of the Shining One.
  5351 | D:5      | Found a bloodstained altar of Trog.
  5353 | D:5      | Found a burning altar of Makhleb.
  5355 | D:5      | Found a shadowy altar of Dithmenos.
  5355 | D:5      | Found a blossoming altar of Fedhas.
  5355 | D:5      | Found a radiant altar of Vehumet.
  5356 | D:5      | Found a sparkling altar of Nemelex Xobeh.
  5357 | D:5      | Found a hide-covered altar of Uskayaw.
  5358 | D:5      | Found a stormy altar of Qazlal.
  5434 | D:5      | Found a staircase to the Ecumenical Temple.
  6014 | D:6      | Found an ancient bone altar of Kikubaaqudgha.
  6053 | D:6      | Reached skill level 9 in Maces & Flails
  6053 | D:6      | Reached XP level 8. HP: 37/46 MP: 8/8
  6080 | D:6      | Noticed Grinder
  6094 | D:6      | Found a white marble altar of Elyvilon.
  6136 | D:6      | Paralysed by Grinder for 5 turns
  6158 | D:6      | Paralysed by Grinder for 3 turns
  6176 | D:6      | Paralysed by Grinder for 2 turns
  6179 | D:6      | Killed Grinder
  6180 | D:6      | Reached skill level 10 in Maces & Flails
  6250 | D:6      | Noticed Eustachio
  6261 | D:6      | Killed Eustachio
  6261 | D:6      | Reached ** piety under Okawaru
  6411 | D:6      | Reached skill level 11 in Maces & Flails
  7190 | D:7      | Noticed Pikel
  7208 | D:7      | Slain by Pikel

Illustrated notes

Levels and vault maps discovered:
D:1:      zelgadis_glass_arrival_small, layout_rooms, serial_forest,
          infiniplex_forest_clump_curved, infiniplex_forest_fountain,
          infiniplex_forest_side_room, infiniplex_forest_lined_ring,
          infiniplex_forest_lined_2, infiniplex_forest_end_1,
          infiniplex_forest_clump_long
D:2:      layout_basic, basic_altar, shapermc_ecumenical_altar_gd
D:3:      layout_basic, amethyst_killhole
D:4:      layout_rooms, serial_bayou, serial_bayou_pond_b, serial_bayou_pond_e,
          serial_bayou_ford_a, serial_bayou_lake_a, serial_bayou_pond_d,
          guppyfry_early_orc_mine
D:5:      layout_basic, minitemple, minmay_temple_entry_large_hall,
          serial_shops, nicolae_diamond_shop, amcnicky_mini_pool_small,
          hangedman_abyss_or_decor_passed
D:6:      layout_basic, mainiacjoe_overflow_catch_the_wave, uniq_eustachio,
          uniq_grinder
D:7:      layout_rooms, uniq_pikel

Skill      XL: |  1  2  3  4  5  6  7  8 |
---------------+-------------------------+-----
Maces & Flails | 3 4 5 6 7 9 11 | 11.0
Fighting       | |  3.2
Armour         | |  3.2
Shields        | |  3.2

Action                   |  1- 3 |  4- 6 |  7- 9 || total
-------------------------+-------+-------+-------++-------
Melee: Flail             |   120 |   162 |   158 ||   440
Throw: Stone             |    16 |       |       ||    16
       Dart              |     3 |    48 |    22 ||    73
       Boomerang         |       |       |     3 ||     3
Invok: Heroism           |       |       |     8 ||     8
  Use: Scroll            |     5 |     6 |     7 ||    18
       Potion            |       |     4 |     2 ||     6
Armor: Scale mail        |    80 |   105 |       ||   185
       Plate armour      |       |    10 |   120 ||   130
Dodge: Dodged            |    68 |    99 |    56 ||   223
Block: Buckler           |    28 |    37 |    30 ||    95

Table legend: (Time is in decaauts)
 A = Elapsed time spent in this place.
 B = Non-inter-level travel time spent in this place.
 C = Inter-level travel time spent in this place.
 D = Time resting spent in this place.
 E = Time spent auto-exploring this place.
 F = Levels seen in this place.
 G = Mean time per level.
                   A        B        C        D        E       F      G
               +--------+--------+--------+--------+--------+-----+--------+
         Total |   7302 |   7030 |    272 |   2196 |   3133 |   7 | 1043.1 |
       Dungeon |   7302 |   7030 |    272 |   2196 |   3133 |   7 | 1043.1 |
               +--------+--------+--------+--------+--------+-----+--------+

Top non-repeatable levels by time:
     D:5: 1569 daAuts
     D:1: 1465 daAuts
     D:4: 1175 daAuts
     D:3: 1085 daAuts
     D:6: 1017 daAuts
     D:2: 961 daAuts
     D:7: 27 daAuts
